 Dungeon Crawl Stone Soup version 0.21.1-1-g345015f (webtiles) character file.

1775 cultivahabas the Cleaver (level 8, -1/75 HPs)
             Began as a Minotaur Fighter on May 10, 2018.
             Was a Believer of Okawaru.
             Slain by a killer bee (5 damage)
             ... on level 7 of the Dungeon.
             The game lasted 00:14:23 (6907 turns).

cultivahabas the Cleaver (Minotaur Fighter)         Turns: 6907, Time: 00:14:25

Health: -1/75      AC:  9    Str: 21    XL:     8   Next: 80%
Magic:  7/7        EV:  7    Int:  5    God:    Okawaru [**....]
Gold:   322        SH: 10    Dex: 12    Spells: 7/7 levels left

rFire    . . .     SeeInvis .   a - +0 war axe
rCold    + . .     Gourm    .   c - +0 shield
rNeg     . . .     Faith    .   b - +0 scale mail
rPois    .         Spirit   .   (helmet restricted)
rElec    .         Reflect  .   (no cloak)
rCorr    .         Harm     .   x - +0 pair of gloves
MR       .....                  r - +0 pair of boots
Stlth    ..........             (no amulet)
HPRegen  0.22/turn              z - ring of protection from cold
MPRegen  0.10/turn              (no ring)

@: no status effects
A: retaliatory headbutt, horns 2
a: Heroism, Renounce Religion


You were on level 7 of the Dungeon.
You worshipped Okawaru.
Okawaru was pleased with you.
You were hungry.

You visited 2 branches of the dungeon, and saw 8 of its levels.

You collected 322 gold pieces.

Inventory:

Hand Weapons
 a - a +0 war axe (weapon)
Missiles
 j - 291 stones (quivered)
Armour
 b - a +0 scale mail (worn)
 c - a +0 shield (worn)
 r - a +0 pair of boots (worn)
 x - a +0 pair of gloves (worn)
Jewellery
 z - a ring of protection from cold (left hand)
Wands
 v - a wand of digging (16)
Scrolls
 e - 7 scrolls of remove curse {unknown}
 g - 4 scrolls of fear {unknown}
 h - a scroll of teleportation
 k - a scroll of enchant weapon {unknown}
 q - 8 scrolls of identify {unknown}
 t - a scroll of magic mapping {unknown}
 w - a scroll of noise {unknown}
 y - a scroll of fog {unknown}
Potions
 d - a potion of might
 l - 2 potions of curing
 m - 2 potions of flight {unknown}
 n - a potion of agility {unknown}
 o - a potion of heal wounds {unknown}
 u - 2 potions of haste {unknown}
Books
 i - a book of Minor Magic

   Spells                             Type                      Level
   a - Magic Dart                     Conjuration                  1
   b - Blink                          Translocation                2
   c - Call Imp                       Summoning                    2
   d - Slow                           Hexes                        2
   e - Conjure Flame                  Conjuration/Fire             3
   f - Mephitic Cloud                 Conjuration/Poison/Air       3
 s - a book of Air

   Spells                             Type                      Level
   a - Shock                          Conjuration/Air              1
   b - Swiftness                      Charms/Air                   2
   c - Static Discharge               Conjuration/Air              3
   d - Airstrike                      Air                          4
   e - Lightning Bolt                 Conjuration/Air              5
Comestibles
 f - 9 rations
 p - a chunk of flesh


   Skills:
 + Level 8.4 Fighting
 * Level 10.8 Axes
 + Level 4.1 Armour
 - Level 4.8 Shields


You had 7 spell levels left.
You didn't know any spells.

Dungeon Overview and Level Annotations

Branches:
Dungeon (7/15)             Temple (1/1) D:5

Altars:
Ashenzari
Cheibriados
Dithmenos
Elyvilon
Fedhas
Gozag
Hepliaklqana
Kikubaaqudgha
Makhleb
Nemelex Xobeh
Okawaru
Qazlal
Ru
Sif Muna
Trog
Uskayaw
Vehumet
Wu Jian
Xom
Yredelemnul
Zin
The Shining One

Shops:
D:4 *

Annotations:
D:6 Eustachio


Innate Abilities, Weirdness & Mutations

You reflexively headbutt those who attack you in melee.
You have a pair of horns on your head.


Message History

You block the killer bee's attack. 3 killer bees come into view.
The killer bee buzzes angrily. x3; You hear a bark!
You block the killer bee's attack. The killer bee stings you!
* * * LOW HITPOINT WARNING * * *
A hound comes into view.
You hit the killer bee. You headbutt the killer bee.
The killer bee is severely wounded.
You miss the killer bee.
* * * LOW HITPOINT WARNING * * *
You feel sick.
The killer bee barely misses you. x2; You furiously retaliate!
You headbutt the killer bee.
It was a potion of curing.
You feel better. The killer bee stings you.
* * * LOW HITPOINT WARNING * * *
The killer bee barely misses you. You block the killer bee's attack.
The killer bee stings you!
* * * LOW HITPOINT WARNING * * *
The killer bee stings you but does no damage.
The killer bee stings you.
You die...

#############
#............
#....<.......
#............
#............
###............
#yyyh..........
#@########+####
#yy.##........
###[##.#...#
#....#...####
########.#...........
#......)####........#
#..............#.##.#
#......†#######.... #
#.......# ..#..


You could see a hound and 5 killer bees.

Vanquished Creatures
  A water moccasin (D:6)
  2 sky beasts
  A necrophage (D:5)
  A phantom (D:5)
  An ogre (D:5)
  A centaur (D:6)
  A big kobold (D:7)
  2 bullfrogs
  A scorpion (D:5)
  A water moccasin skeleton (D:5)
  A howler monkey (D:5)
  A crimson imp (D:5)
  2 orc priests
  A gnoll shaman (D:5)
  2 hounds
  2 centaur skeletons
  4 orc wizards
  4 worker ants
  A hound zombie (D:5)
  A hound skeleton (D:4)
  A worker ant zombie (D:5)
  Robin (D:4)
  13 adders
  A shadow imp (D:5)
  An adder skeleton (D:3)
  8 worms
  4 dart slugs
  9 leopard geckos
  19 orcs
  12 bats
  8 giant cockroaches
  18 goblins
  10 hobgoblins
  2 jackals (D:5)
  A quokka (D:2)
  A ball python skeleton (D:4)
  8 frilled lizards
  12 kobolds
  A leopard gecko skeleton (D:5)
  A leopard gecko zombie (D:6)
  5 rats
167 creatures vanquished.

Notes
Turn   | Place    | Note
-------+----------+-------------------------------------------
     0 | D:1      | cultivahabas the Minotaur Fighter began the quest for the Orb.
     0 | D:1      | Reached XP level 1. HP: 19/19 MP: 0/0
   146 | D:1      | Reached XP level 2. HP: 25/27 MP: 1/1
   170 | D:1      | Reached skill level 3 in Axes
   781 | D:1      | Reached XP level 3. HP: 33/33 MP: 2/2
  1114 | D:2      | Reached skill level 4 in Axes
  1216 | D:2      | Reached XP level 4. HP: 11/41 MP: 3/3
  1676 | D:2      | Found a sparkling altar of Nemelex Xobeh.
  1689 | D:2      | Found a white marble altar of Elyvilon.
  1943 | D:2      | Found an ancient bone altar of Kikubaaqudgha.
  1960 | D:2      | Found a glowing silver altar of Zin.
  2126 | D:3      | You fall through a shaft for 3 floors!
  2131 | D:6      | Noticed a bullfrog
  2136 | D:6      | Killed a bullfrog
  2136 | D:6      | Reached skill level 5 in Fighting
  2136 | D:6      | Reached skill level 5 in Axes
  2136 | D:6      | Reached XP level 5. HP: 35/48 MP: 4/4
  2426 | D:6      | Found a shimmering altar of Xom.
  2472 | D:6      | Reached skill level 6 in Axes
  2545 | D:6      | Noticed Eustachio
  2558 | D:6      | Noticed a centaur
  2574 | D:6      | Killed a centaur
  2574 | D:6      | Reached XP level 6. HP: 8/56 MP: 5/5
  3253 | D:6      | Noticed a water moccasin
  3256 | D:6      | Killed a water moccasin
  3256 | D:6      | Reached skill level 7 in Axes
  3462 | D:5      | Entered Level 5 of the Dungeon
  3470 | D:5      | Reached XP level 7. HP: 41/63 MP: 6/6
  3550 | D:5      | Found a staircase to the Ecumenical Temple.
  3559 | Temple   | Entered the Ecumenical Temple
  3649 | Temple   | Became a worshipper of Warmaster Okawaru
  3916 | D:5      | Reached skill level 8 in Axes
  3942 | D:5      | Reached * piety under Okawaru
  4358 | D:5      | Reached skill level 9 in Axes
  4416 | D:5      | Reached XP level 8. HP: 70/73 MP: 7/7
  4958 | D:5      | Reached ** piety under Okawaru
  4958 | D:5      | Reached skill level 10 in Axes
  5317 | D:4      | Noticed Robin
  5341 | D:4      | Killed Robin
  5652 | D:4      | Found Ykenop's Assorted Antiques.
  6417 | D:3      | Found a shimmering altar of Xom.
  6907 | D:7      | Slain by a killer bee

Skill      XL: |  1  2  3  4  5  6  7  8 |
---------------+-------------------------+-----
Shields        | 4 |  4.8
Axes           | 3 4 5 6 7 9 10 | 10.8
Fighting       | 4 5 6 7 8 |  8.4
Armour         | 4 |  4.1

Action                   |  1- 3 |  4- 6 |  7- 9 || total
-------------------------+-------+-------+-------++-------
Melee: War axe           |   101 |   106 |   278 ||   485
       Headbutt          |    13 |    10 |    48 ||    71
Throw: Stone             |       |     1 |     4 ||     5
  Use: Scroll            |       |     1 |       ||     1
       Potion            |       |       |     1 ||     1
  Eat: Chunk             |     1 |     7 |    11 ||    19
Armor: Scale mail        |    40 |    47 |    92 ||   179
Dodge: Dodged            |    37 |    39 |    65 ||   141
Block: Shield            |    65 |    76 |   111 ||   252
